[Event "28th Tamil Nadu IM Norm 2024"]
[Site "Tamil Nadu"]
[Date "2024.09.18"]
[Round "5.3"]
[White "Annageldyev, Orazly"]
[Black "Sriram Adarsh Uppala"]
[Result "0-1"]
[ECO "A09"]
[WhiteElo "2105"]
[BlackElo "2333"]
[Annotator "TA"]
[PlyCount "52"]
[EventDate "2024.09.15"]
[EventCountry "IND"]
[SourceTitle "playchess.com"]
[Source "ChessBase"]
[SourceQuality "1"]
[TimeControl "5400+30"]

1. Nf3 d5 2. c4 d4 3. g3 Nc6 4. Bg2 e5 5. d3 Bb4+ 6. Nbd2 a5 7. O-O Nf6 8. a3 Be7 9. Rb1 a4 10. b4 {[%emt 0:01:41] [#] Black must now prevent b5.} axb3 11. Rxb3 {[%emt 0:01:01] Black is slightly better.} O-O 12. Rb5 Bd6 (12... Nd7 $17) 13. Qc2 Re8 14. a4 (14. c5 $15 {is superior.} Bf8 15. Nb3) 14... Ra7 15. Ng5 Bd7 16. c5 Bf8 17. Nc4 {[%emt 0:06:26] Wards off Na5} h6 18. Ne4 Nd5 19. Bd2 (19. Qb2 $15) 19... Be6 $17 20. f4 (20. f3 $17) 20... f5 $19 21. Nf2 exf4 22. gxf4 {[%emt 0:01:40] [#]} Bf7 $1 {[%emt 0:00:07] ...Ne3 would now be deadly.} 23. Bf3 (23. Nh1 $142) 23... Ne3 24. Bxe3 dxe3 25. Nd1 Nd4 $1 26. Qb2 (26. Qc3 $142) 26... Nxf3+ {[%emt 0:00:12] Weighted Error Value: White=0.55/Black=0.09 (flawless) .  Mistake:       	White=5     	Black=1      Inaccurate:     	White=1     	Black=2      OK:         	White=4     	Black=6      Best:        	---       	Black=5} 0-1

[Event "28th Tamil Nadu IM Norm 2024"]
[Site "Tamil Nadu"]
[Date "2024.09.18"]
[Round "5.4"]
[White "Vahidov, Tair"]
[Black "Gochelashvili, David"]
[Result "1/2-1/2"]
[ECO "E62"]
[WhiteElo "2345"]
[BlackElo "2280"]
[Annotator "TA"]
[PlyCount "49"]
[EventDate "2024.09.15"]
[EventCountry "IND"]
[SourceTitle "playchess.com"]
[Source "ChessBase"]
[SourceQuality "1"]
[TimeControl "5400+30"]

1. d4 Nf6 2. c4 g6 3. Nc3 Bg7 4. Nf3 O-O 5. g3 d6 6. Bg2 Nc6 7. h3 e5 8. e3 (8. d5 $142 Ne7 9. e4) 8... exd4 $11 9. Nxd4 Nxd4 10. exd4 {[%emt 0:00:10] The position is equal.} Re8+ 11. Be3 Bf5 12. O-O Qd7 13. g4 Be4 14. Nxe4 Nxe4 15. Qd3 f5 16. Rfe1 Re7 17. Re2 Rae8 18. Rae1 c6 19. d5 Nc5 ({Of course not} 19... fxg4 20. Bxa7 Ng5 21. Rxe7 Rxe7 22. Rxe7 Qxe7 23. dxc6 bxc6 24. Qe3) 20. Qd2 Ne4 21. Qd3 Nc5 $1 22. Qd2 Ne4 23. Qd3 Nc5 $1 ({But not} 23... fxg4 24. Bxa7 Ng5 25. dxc6 bxc6 26. Rxe7 Rxe7 27. Rxe7 Qxe7 28. Qe3 $14) 24. Qd2 Ne4 25. Qd3 {[%emt 0:00:08] A rather calm draw.   Weighted Error Value: White=0.15 (very precise) /Black=0.03 (flawless) .  Inaccurate:     	White=1     	---        OK:         	White=4     	Black=5      Best:        	White=1     	Black=1      Strong:       	---       	Black=2} 1/2-1/2

[Event "28th Tamil Nadu IM Norm 2024"]
[Site "Tamil Nadu"]
[Date "2024.09.18"]
[Round "5.5"]
[White "Manik, Mikulas"]
[Black "Dhruva Thota"]
[Result "1/2-1/2"]
[ECO "B90"]
[WhiteElo "2316"]
[BlackElo "2342"]
[Annotator "TA"]
[PlyCount "60"]
[EventDate "2024.09.15"]
[EventCountry "IND"]
[SourceTitle "playchess.com"]
[Source "ChessBase"]
[SourceQuality "1"]
[TimeControl "5400+30"]

1. e4 c5 2. Nf3 d6 3. d4 cxd4 4. Nxd4 Nf6 5. Nc3 a6 6. Be3 e5 7. Nf3 Be7 8. Bc4 Be6 9. Bb3 O-O 10. O-O Qc7 11. a4 Nc6 12. Bg5 Nb4 13. a5 b5 {[%emt 0:06:34] Wards off Ra4} (13... Nc6 $11) 14. axb6 $14 Qxb6 15. Nd2 Rfc8 16. Qe2 ({White should play} 16. Na4 $14 Qb5 17. Nc3) 16... Qc6 (16... Nxc2 $5 17. Bxc2 Qxb2 18. Bxf6 Bxf6 $11) 17. Ra4 Rab8 18. Rfa1 h6 19. Bxf6 Bxf6 20. Nf1 Bxb3 21. cxb3 d5 22. exd5 Nxd5 23. Ne4 (23. Rc4 {feels hotter.} Nf4 24. Qg4 Qb7 25. Ne3) 23... Rxb3 24. Rxa6 {[%emt 0:00:13] The position is equal.} Rb6 25. Rxb6 Qxb6 26. Qg4 Rd8 27. Nfg3 Qe6 28. Qxe6 fxe6 29. Rd1 Rb8 30. Rd2 Kf7 {[%emt 0:00:11] Weighted Error Value: White=0.10 (very precise) /Black=0.11 (very precise) .  Mistake:       	White=1     	Black=1      Inaccurate:     	White=2     	Black=3      OK:         	White=6     	Black=6      Best:        	White=1     	---} 1/2-1/2

[Event "28th Tamil Nadu IM Norm 2024"]
[Site "Tamil Nadu"]
[Date "2024.09.18"]
[Round "6.1"]
[White "Podolchenko, Evgeniy"]
[Black "Dhruva Thota"]
[Result "1/2-1/2"]
[WhiteElo "2338"]
[BlackElo "2342"]
[PlyCount "56"]
[EventDate "2024.09.15"]
[EventCountry "IND"]
[TimeControl "5400+30"]

1. Nf3 Nf6 2. c4 g6 3. b3 Bg7 4. Bb2 O-O 5. e3 c5 6. Be2 Nc6 7. O-O d5 8. cxd5 Qxd5 9. d3 b6 10. a3 Bb7 11. Nbd2 Rfd8 12. Qc2 Rac8 13. Rac1 e5 14. Qb1 Ne8 15. Qa1 Nd6 16. Rfe1 Re8 17. Bf1 Ba6 18. Red1 Rcd8 19. Ng5 Nb7 20. Nc4 h6 21. Ne4 Nba5 22. Ned2 Nxc4 23. Nxc4 Qe6 24. Bc3 Qe7 25. Kh1 Kh8 26. Kg1 Kg8 27. Kh1 Kh8 28. Kg1 Kg8 1/2-1/2

[Event "28th Tamil Nadu IM Norm 2024"]
[Site "Tamil Nadu"]
[Date "2024.09.18"]
[Round "6.2"]
[White "Gochelashvili, David"]
[Black "Manik, Mikulas"]
[Result "0-1"]
[WhiteElo "2280"]
[BlackElo "2316"]
[PlyCount "64"]
[EventDate "2024.09.15"]
[EventCountry "IND"]
[TimeControl "5400+30"]

1. e4 c5 2. Nf3 Nc6 3. Bb5 g6 4. Bxc6 dxc6 5. d3 Bg7 6. h3 Nf6 7. Nbd2 Nd7 8. a4 O-O 9. a5 e5 10. Nc4 Qe7 11. Be3 Rd8 12. Qd2 Nf8 13. O-O f6 14. Rfb1 Ne6 15. b4 cxb4 16. Rxb4 Nc5 17. Qc3 Bf8 18. Ncxe5 Ne6 19. Rab1 fxe5 20. Nxe5 c5 21. Rb5 Nd4 22. Bxd4 Rxd4 23. a6 Qxe5 24. axb7 Bxb7 25. Rxb7 Rxe4 26. Qa5 Re2 27. Qa2+ Qe6 28. Qa4 Bd6 29. Qa1 Qe5 30. Rd7 Qxa1 31. Rxa1 Be5 32. c3 Bxc3 0-1

[Event "28th Tamil Nadu IM Norm 2024"]
[Site "Tamil Nadu"]
[Date "2024.09.18"]
[Round "6.3"]
[White "Sriram Adarsh Uppala"]
[Black "Vahidov, Tair"]
[Result "1-0"]
[WhiteElo "2333"]
[BlackElo "2345"]
[PlyCount "95"]
[EventDate "2024.09.15"]
[EventCountry "IND"]
[TimeControl "5400+30"]

1. b3 e5 2. Bb2 Nc6 3. e3 g6 4. Nf3 Bg7 5. c4 Nge7 6. b4 d6 7. b5 Nb8 8. d4 Nd7 9. Be2 O-O 10. Nc3 exd4 11. exd4 Re8 12. O-O Nf5 13. a4 Nf8 14. Re1 Ne6 15. Nd5 c6 16. Ne3 Nf4 17. Bf1 d5 18. Qb3 Be6 19. c5 Nh4 20. Nc2 Nxf3+ 21. Qxf3 Nh5 22. Ne3 Qd7 23. h3 Nf6 24. Bd3 Rad8 25. Rac1 Ne4 26. Qf4 g5 27. Qf3 f5 28. Qd1 h6 29. Nf1 f4 30. f3 Nf6 31. Qc2 Bf7 32. b6 axb6 33. cxb6 Ra8 34. Bc3 Rxe1 35. Rxe1 Ne8 36. a5 Nd6 37. Nd2 Nc4 38. Nb3 Ne3 39. Qb2 Bf8 40. Nc5 Bxc5 41. dxc5 d4 42. Bxd4 Rxa5 43. Qc3 Ra4 44. Bxe3 fxe3 45. Rxe3 Qd5 46. Re4 Ra2 47. Re8+ Bxe8 48. Bc4 1-0

[Event "28th Tamil Nadu IM Norm 2024"]
[Site "Tamil Nadu"]
[Date "2024.09.18"]
[Round "6.4"]
[White "Aakash G"]
[Black "Annageldyev, Orazly"]
[Result "1-0"]
[WhiteElo "2279"]
[BlackElo "2105"]
[PlyCount "75"]
[EventDate "2024.09.15"]
[EventCountry "IND"]
[TimeControl "5400+30"]

1. d4 d5 2. c4 e6 3. cxd5 exd5 4. Nc3 Nf6 5. Bg5 Be7 6. e3 h6 7. Bh4 O-O 8. Bd3 b6 9. Nge2 Bb7 10. f3 c5 11. O-O Re8 12. Kh1 Nc6 13. Rc1 Nb4 14. Bb5 Rf8 15. a3 Na6 16. Bd3 Nc7 17. Bb1 Re8 18. Qd3 Ba6 19. Qc2 Ne6 20. Rfd1 Bxe2 21. Nxe2 cxd4 22. exd4 Rc8 23. Nc3 g6 24. Qd2 Kg7 25. Ba2 g5 26. Bg3 Nh5 27. Nxd5 Nxg3+ 28. hxg3 Rxc1 29. Rxc1 Bd6 30. Ne3 Kf8 31. Nf5 Bc5 32. Bxe6 Rxe6 33. Qc3 Bd6 34. d5 Re5 35. Qc8 Re8 36. Qc6 Be5 37. Qxh6+ Kg8 38. d6 1-0

[Event "28th Tamil Nadu IM Norm 2024"]
[Site "Tamil Nadu"]
[Date "2024.09.18"]
[Round "6.5"]
[White "Tejaswini G"]
[Black "Dinesh Rajan M"]
[Result "1/2-1/2"]
[WhiteElo "2135"]
[BlackElo "2258"]
[PlyCount "132"]
[EventDate "2024.09.15"]
[EventCountry "IND"]
[TimeControl "5400+30"]

1. d4 d5 2. c4 e6 3. Nc3 c6 4. e3 Nf6 5. Nf3 Nbd7 6. Be2 dxc4 7. a4 Bb4 8. O-O O-O 9. Bxc4 Qe7 10. Ne5 Rd8 11. Qe2 c5 12. Bb3 Nb6 13. Rd1 cxd4 14. exd4 h6 15. Rd3 Kh8 16. a5 Nbd7 17. Rh3 Nf8 18. Be3 N6h7 19. Qh5 Ng6 20. Bc2 Nxe5 21. dxe5 Qf8 22. Ne4 Be7 23. Rf3 Kg8 24. Nf6+ Bxf6 25. exf6 Rd5 26. Bxh7+ Kxh7 27. fxg7 Qxg7 28. Qh4 Rf5 29. Rxf5 exf5 30. Rd1 Be6 31. h3 Rc8 32. Rd8 Rxd8 33. Qxd8 Qxb2 34. Bd4 Qc1+ 35. Kh2 Qg5 36. Qh8+ Kg6 37. g3 f4 38. g4 f6 39. Kg1 Bf7 40. Bc3 f3 41. Qc8 Kg7 42. Kh2 Qf4+ 43. Kg1 Qc1+ 44. Kh2 Qf1 45. Kg3 Qg2+ 46. Kf4 Qxf2 47. Bxf6+ Kxf6 48. Qc3+ Ke6 49. Qc8+ Kd6 50. Qf8+ Kc6 51. Qc8+ Kd6 52. Qf8+ Kc6 53. Qc8+ Kb5 54. Qxb7+ Kxa5 55. Qxf7 Qh2+ 56. Kxf3 Qxh3+ 57. Kf2 Qh4+ 58. Kf3 Qh1+ 59. Kf2 Kb6 60. Qb3+ Kc7 61. Qf7+ Kb8 62. Qe8+ Kb7 63. Qb5+ Kc7 64. Qc5+ Kb7 65. Qb5+ Ka8 66. Qe8+ Kb7 1/2-1/2

[Event "28th Tamil Nadu IM Norm 2024"]
[Site "Tamil Nadu"]
[Date "2024.09.19"]
[Round "7.1"]
[White "Dinesh Rajan M"]
[Black "Podolchenko, Evgeniy"]
[Result "0-1"]
[ECO "B12"]
[WhiteElo "2258"]
[BlackElo "2338"]
[Annotator "RC"]
[PlyCount "148"]
[EventDate "2024.09.15"]
[EventCountry "IND"]
[SourceTitle "playchess.com"]
[Source "ChessBase"]
[SourceQuality "1"]
[TimeControl "5400+30"]

1. e4 c6 2. d4 d5 3. e5 Bf5 4. g4 Bd7 5. Nc3 h5 6. gxh5 Bf5 7. Nge2 Bg4 8. Qd3 e6 9. Ng3 Bxh5 10. Nxh5 Rxh5 11. Be2 Rh8 12. Bd2 Qh4 13. O-O-O Ne7 14. Rdg1 Nf5 15. Bg4 g6 16. Kb1 Be7 17. Ne2 Nd7 18. f4 O-O-O 19. Rg2 Qh7 20. Ng1 Nh4 21. Re2 Qg7 22. Be1 Rh7 23. Nh3 Rdh8 24. Rg1 Qf8 25. Bf2 Qd8 26. Rg3 Nf5 27. Bxf5 gxf5 28. Bg1 Nf8 29. Qf3 Ng6 30. Re3 Qa5 31. Qf1 Kd7 32. Bf2 b5 33. Be1 Qb6 34. Rd3 a5 35. Bd2 b4 36. Qe2 Qb5 37. Qd1 Rh4 38. Bc1 Qc4 39. Rdf3 Bd8 40. Rd3 R4h5 41. b3 Qb5 42. a4 bxa3 43. Bxa3 Rh4 44. Qd2 Bb6 45. Rdf3 Rxh3 46. Rxh3 Rxh3 47. c4 dxc4 48. Rxh3 cxb3 49. Rh7 Ke8 50. h4 Qf1+ 51. Kb2 Nxf4 52. Rh8+ Kd7 53. Kxb3 Qb5+ 54. Kc2 Qa4+ 55. Kb1 Qxa3 56. Qxf4 Qd3+ 57. Kc1 Bxd4 58. Qh2 Qa3+ 59. Kb1 Qb3+ 60. Kc1 Be3+ 61. Qd2+ Bxd2+ 62. Kxd2 Qb2+ 63. Kd3 Qxe5 64. Ra8 Qe4+ 65. Kc3 Qxh4 66. Ra7+ Kd6 67. Rxf7 Qb4+ 68. Kd3 a4 69. Rf8 Ke5 70. Ra8 c5 71. Rh8 a3 72. Kc2 Qb2+ 73. Kd3 a2 74. Rh3 Qb3+ 0-1

[Event "28th Tamil Nadu IM Norm 2024"]
[Site "Tamil Nadu"]
[Date "2024.09.19"]
[Round "7.2"]
[White "Annageldyev, Orazly"]
[Black "Tejaswini G"]
[Result "0-1"]
[ECO "D00"]
[WhiteElo "2105"]
[BlackElo "2135"]
[Annotator "RC"]
[PlyCount "64"]
[EventDate "2024.09.15"]
[EventCountry "IND"]
[SourceTitle "playchess.com"]
[Source "ChessBase"]
[SourceQuality "1"]
[TimeControl "5400+30"]

1. d4 Nf6 2. Nf3 g6 3. Nc3 d5 4. Bg5 Bg7 5. e3 O-O 6. Bd3 c5 7. O-O cxd4 8. exd4 Nc6 9. h3 Bf5 10. Re1 Nb4 11. a3 Nxd3 12. cxd3 h6 13. Be3 g5 14. Ne5 Nd7 15. Nxd7 Qxd7 16. Qb3 e6 17. Na4 b6 18. Rac1 Rfc8 19. Nc3 Qb7 20. a4 Bxd3 21. a5 Bc4 22. Qa4 bxa5 23. Qxa5 Qb6 24. Qa1 Bd3 25. Na4 Qb4 26. Nc5 Bg6 27. Na6 Qb6 28. Nc5 Qb5 29. Na4 Rc4 30. Nc3 Qb3 31. Red1 a5 32. Ne2 Ra4 0-1

[Event "28th Tamil Nadu IM Norm 2024"]
[Site "Tamil Nadu"]
[Date "2024.09.19"]
[Round "7.3"]
[White "Vahidov, Tair"]
[Black "Aakash G"]
[Result "0-1"]
[ECO "D35"]
[WhiteElo "2345"]
[BlackElo "2279"]
[Annotator "RC"]
[PlyCount "98"]
[EventDate "2024.09.15"]
[EventCountry "IND"]
[SourceTitle "playchess.com"]
[Source "ChessBase"]
[SourceQuality "1"]
[TimeControl "5400+30"]

1. c4 e6 2. Nc3 d5 3. d4 Be7 4. cxd5 exd5 5. Bf4 Nf6 6. e3 O-O 7. Be2 c6 8. Qc2 Nbd7 9. Nf3 Re8 10. O-O Nf8 11. Ne5 g6 12. a3 Ne6 13. Bg3 Ng7 14. b4 Bd6 15. Nd3 Bf5 16. b5 Bxg3 17. hxg3 cxb5 18. Qb2 Rc8 19. Rfc1 Ne6 20. Qxb5 Rc7 21. Ne5 a6 22. Qb2 h5 23. Na4 Ne4 24. Rxc7 Qxc7 25. Rc1 Qe7 26. Nb6 Rd8 27. Qb3 Qd6 28. Nc8 Nxd4 29. exd4 Bxc8 30. Bf3 Be6 31. a4 Qe7 32. Qb6 Rd6 33. Qa7 Kg7 34. a5 Nd2 35. Rc2 Nb3 36. Nd3 Nxa5 37. Nf4 Bf5 38. Re2 Qd7 39. Qc5 b6 40. Qa3 Bg4 41. Qa1 Bxf3 42. gxf3 h4 43. Qe1 hxg3 44. fxg3 Qa4 45. Re7 Nc6 46. Rc7 Qxd4+ 47. Kg2 Qb2+ 48. Kh3 Qe5 49. Qc1 Ne7 0-1

[Event "28th Tamil Nadu IM Norm 2024"]
[Site "Tamil Nadu"]
[Date "2024.09.19"]
[Round "7.4"]
[White "Manik, Mikulas"]
[Black "Sriram Adarsh Uppala"]
[Result "0-1"]
[ECO "B12"]
[WhiteElo "2316"]
[BlackElo "2333"]
[Annotator "RC"]
[PlyCount "46"]
[EventDate "2024.09.15"]
[EventCountry "IND"]
[SourceTitle "playchess.com"]
[Source "ChessBase"]
[SourceQuality "1"]
[TimeControl "5400+30"]

1. e4 c6 2. d4 d5 3. e5 Bf5 4. g4 Bd7 5. Be3 c5 6. dxc5 e6 7. Nf3 Qc7 8. c4 dxc4 9. Nbd2 c3 10. bxc3 Bxc5 11. Ne4 Bxe3 12. fxe3 Bc6 13. Nd6+ Ke7 14. e4 Nd7 15. Qd2 f6 16. Bc4 Qa5 17. Nxb7 Bxb7 18. Qd6+ Ke8 19. Qxe6+ Ne7 20. Qf7+ Kd8 21. Rd1 Bxe4 22. Rxd7+ Kxd7 23. Kf2 Qc5+ 0-1

[Event "28th Tamil Nadu IM Norm 2024"]
[Site "Tamil Nadu"]
[Date "2024.09.19"]
[Round "7.5"]
[White "Dhruva Thota"]
[Black "Gochelashvili, David"]
[Result "1-0"]
[ECO "B77"]
[WhiteElo "2342"]
[BlackElo "2280"]
[Annotator "RC"]
[PlyCount "49"]
[EventDate "2024.09.15"]
[EventCountry "IND"]
[SourceTitle "playchess.com"]
[Source "ChessBase"]
[SourceQuality "1"]
[TimeControl "5400+30"]

1. e4 c5 2. Nf3 d6 3. d4 cxd4 4. Nxd4 Nf6 5. Nc3 g6 6. Be3 Nc6 7. f3 Bg7 8. Qd2 O-O 9. Bc4 Bd7 10. g4 Rb8 11. Bb3 b5 12. Nxc6 Bxc6 13. Bxa7 b4 14. Ne2 Rb7 15. Be3 Qa5 16. Nd4 Bd7 17. Bh6 Rc8 18. h4 Ba4 19. Bxg7 Kxg7 20. Bxa4 Qxa4 21. h5 e5 22. hxg6 fxg6 23. Nf5+ gxf5 24. Qg5+ Kf7 25. Rh6 1-0